AoeStats
← darador86

Fortress

507401205Analyzed
4v4 RM · 16d ago on Sep 18, 2026· 43m 51s· 8 players
Game mode
Random Map
Map size
Huge
Population
200
Speed
Normal
Resources
Standard
Victory
Conquest
Starting age
Dark Age
Ending age
Imperial Age
RankedLock teamsTeams togetherTeam positionsShared explorationLock speedFull tech treeHidden civsTurbo modeCheats
Victory
Defeat
🇺🇸 Armenians · United States
724
+13
🇺🇸 Byzantines · United States
629
+17
🇺🇸 Britons · United States
619
+17
🇨🇦 Spanish · Canada
572
+19
🇹🇷 Ethiopians · Türkiye
732
-20
🇦🇷 Lithuanians · Argentina
676
-18
🇦🇷 Huns · Argentina
658
-17
🇵🇪 Persians · Peru
520
-11
guitarflyingmatt
4:03 Loom
8:29 Feudal Age
10:58 Wheelbarrow
10:57 Gold Mining
11:00 Stone Mining
11:11 Double-Bit Axe
13:35 Fletching
13:52 Scale Mail Armor
14:05 Forging
13:40 Horse Collar
18:04 Castle Age
16:09 Man-at-Arms
16:59 Padded Archer Armor
19:11 Squires
19:43 Long Swordsman
20:54 Hand Cart
24:29 Husbandry
24:49 Pikeman
26:35 Bow Saw
36:35 Gold Shaft Mining
36:51 Fervor
38:49 Yeomen
40:04 Caravan
MoncusJBAJ
6:57 Feudal Age
12:23 Castle Age
13:43 Loom
16:52 Man-at-Arms
17:19 Gambesons
17:42 Scale Mail Armor
17:52 Forging
18:19 Arson
17:55 Long Swordsman
19:57 Two-Handed Swordsman
23:19 Champion
24:41 Fletching
24:51 Padded Archer Armor
29:27 Pikeman
31:57 Halberdier
32:40 Squires
34:19 Chain Mail Armor
34:39 Iron Casting
34:00 Bodkin Arrow
40:30 Imperial Age
39:26 Leather Archer Armor
41:43 Wheelbarrow
42:12 Capped Ram
44:57 Plate Mail Armor
Intrinsicmotivation
7:13 Feudal Age
7:42 Horse Collar
7:51 Double-Bit Axe
8:44 Wheelbarrow
14:24 Castle Age
16:05 Bow Saw
16:43 Hand Cart
17:39 Stone Mining
18:12 Loom
20:31 Heavy Plow
29:28 Imperial Age
28:38 Caravan
28:53 Fortified Wall
28:39 Murder Holes
34:30 Pikeman
35:11 Squires
34:56 Arson
34:57 Gambesons
34:33 Man-at-Arms
35:17 Elite Conquistador
39:02 Chemistry
37:58 Capped Ram
38:02 Onager
39:56 Capped Ram
41:54 Two-Man Saw
42:51 Hoardings
Grandma's Boy
7:57 Feudal Age
7:41 Loom
8:28 Horse Collar
8:35 Double-Bit Axe
11:33 Wheelbarrow
11:15 Gold Mining
11:15 Stone Mining
18:50 Castle Age
16:57 Scale Mail Armor
17:07 Forging
16:52 Arson
19:22 Padded Archer Armor
19:12 Fletching
19:35 Squires
21:03 Pikeman
21:05 Elite Skirmisher
21:42 Bodkin Arrow
22:30 Bow Saw
24:36 Hand Cart
26:17 Gold Shaft Mining
26:21 Stone Shaft Mining
28:29 Iron Casting
28:10 Chain Mail Armor
28:10 Leather Archer Armor
29:44 Heavy Plow
30:28 Fortified Wall
30:39 Ballistics
34:29 Imperial Age
32:25 Thumb Ring
32:24 Murder Holes
34:40 Capped Ram
34:50 Halberdier
36:05 Plate Mail Armor
36:05 Ring Archer Armor
35:36 Bracer
36:46 Chemistry
36:33 Siege Ram
39:13 Heavy Camel Rider
39:55 Husbandry
40:03 Scale Barding Armor
Blacklovess
7:39 Feudal Age
11:19 Castle Age
11:54 Double-Bit Axe
13:45 Gold Mining
13:46 Horse Collar
16:49 Gold Shaft Mining
18:20 Fletching
21:00 Bow Saw
21:28 Bodkin Arrow
22:09 Crossbowman
24:58 Thumb Ring
25:34 Stone Mining
31:51 Wheelbarrow
31:36 Forging
31:28 Padded Archer Armor
36:37 Ballistics
36:43 Leather Archer Armor
37:05 Iron Casting
39:04 Imperial Age
38:47 Royal Heirs
39:29 Hand Cart
39:21 Scale Mail Armor
40:08 Conscription
39:14 Capped Ram
40:31 Bracer
42:12 Chemistry
41:24 Arbalester
Raql501
6:41 Feudal Age
11:12 Bloodlines
12:28 Double-Bit Axe
18:00 Castle Age
16:44 Horse Collar
19:13 Stone Mining
26:16 Bow Saw
27:32 Husbandry
29:42 Parthian Tactics
31:30 Gold Mining
darador86
10:38 Feudal Age
11:39 Horse Collar
11:47 Double-Bit Axe
15:50 Castle Age
14:42 Gold Mining
14:42 Stone Mining
16:42 Bow Saw
16:34 Heavy Plow
20:34 Husbandry
21:42 Squires
27:19 Pikeman
28:57 Marauders
35:28 Imperial Age
32:46 Town Watch
33:36 Wheelbarrow
35:29 Thumb Ring
39:15 Parthian Tactics
41:12 Ballistics
41:54 Chemistry
40:57 Padded Archer Armor
40:48 Fletching
Luciano24cm
Connection lost

Rejoining the realm…

Still unreachable

The connection could not be restored.

Session expired

The server has moved on; the page needs a fresh start.